 Dungeon Sprint DCSS version 0.20.1-1-g8b1a95d (webtiles) character file.

7844 potatolord6000 the Messiah (level 11, -8/111 HPs)
             Began as a Hill Orc Fighter on Sept 11, 2017.
             Was the Champion of Beogh.
             Mangled by a naga warrior
             ... wielding a +0 mace
              (9 damage)
             ... in the Dungeon (Sprint VII: "The Pits").
             The game lasted 00:09:42 (2082 turns).

potatolord6000 the Messiah (Hill Orc Fighter)       Turns: 2082, Time: 00:09:43

Health: -8/111     AC: 18    Str: 28    XL:     11   Next: 21%
Magic:  21/22      EV:  8    Int:  8    God:    Beogh [******]
Gold:   0          SH: 14    Dex: 13    Spells: 10/10 levels left

rFire    . . .     SeeInvis .   g - +1 trident (pierce)
rCold    . . .     Gourm    .   c - +0 shield
rNeg     . . .     Faith    .   x - +4 chain mail
rPois    .         Spirit   .   (no helmet)
rElec    .         Reflect  .   (no cloak)
rCorr    .         Harm     .   w - +0 pair of gloves
MR       .....     NoTele   +   (no boots)
Stlth    ..........             (no amulet)
Regen    0.3/turn               d - +3 ring of evasion
MPRegen  0.2/turn               h - +3 ring of dexterity

@: mighty, lethally poisoned (-8 -> -16), constricted
A: walk on water
a: Smiting, Recall Orcish Followers, Give Item to Named Follower, Resurrection,
Renounce Religion


You were in the Dungeon.
You worshipped Beogh.
Beogh was exalted by your worship.
You were full.

You visited 1 branch

Inventory:

Hand Weapons
 g - a +1 trident of piercing (weapon)
 r - a +2 scimitar of flaming
 y - a +2 rapier of draining
 z - a +2 morningstar of draining
 A - a +2 halberd of protection
 B - a +2 war axe of chopping
 C - a +0 lajatang
Armour
 c - a +0 shield (worn)
 w - a +0 pair of gloves (worn)
 x - a +4 chain mail (worn)
Jewellery
 d - a +3 ring of evasion (left hand)
 h - a +3 ring of dexterity (right hand)
Scrolls
 k - a scroll of blinking
 l - 3 scrolls of remove curse
 m - 5 scrolls of amnesia
 n - a scroll of summoning
Potions
 a - 2 potions of invisibility
 b - 3 potions of brilliance
 e - 5 potions of curing
 j - 3 potions of berserk rage
 t - a potion of resistance
 u - a potion of agility
 v - a potion of haste
Comestibles
 f - 8 bread rations
 o - 40 fruits
 p - 5 meat rations


   Skills:
 + Level 14.3 Fighting
 + Level 13.1 Polearms
 + Level 13.4 Armour
 + Level 13.4 Shields
 + Level 14.7 Invocations


You had 10 spell levels left.
You didn't know any spells.

Dungeon Overview and Level Annotations

Branches:
Dungeon (1/1)

Altars:
Ashenzari
Cheibriados
Dithmenos
Elyvilon
Fedhas
Gozag
Hepliaklqana
Kikubaaqudgha
Makhleb
Nemelex Xobeh
Okawaru
Qazlal
Ru
Sif Muna
Trog
Uskayaw
Vehumet
Xom
Yredelemnul
Zin
The Shining One
Beogh
Jiyva
Lugonu


Message History

The naga warrior is severely wounded.
The yaktaur hits you.
* * * LOW HITPOINT WARNING * * *
The naga warrior hits you with a mace!
* * * LOW HITPOINT WARNING * * *
The naga warrior constricts you.
You puncture the naga warrior!
The naga warrior is severely wounded.
You feel sick. The naga spits poison at you. You block the splash of poison.
The yaktaur hits you!
* * * LOW HITPOINT WARNING * * *
Unknown command.
You completely miss the naga warrior.
The naga warrior is severely wounded.
The naga spits poison at you. The splash of poison hits you!
You are more poisoned.
The naga warrior hits you with a mace!
You die...

##...##..##...#
.##[##..###...+.##
o........##..)#..##
###'###...##'##...#
#.....##..#...#...#
.......'..'...+...+
#.....##..#)[.#...#
###'###...##(##NNc#
...)[....##.(.#N@#
.##'##..###..(')##
##...##..##...###
##...###..'...#
##### ########


You could see a naga warrior, a yaktaur and 2 nagas.

Vanquished Creatures
  2 two-headed ogres (D)
  2 unseen horrors (D)
  A deep troll (D)
  Pikel (D)
  A deep elf mage (D)
  An elephant (D)
  A gargoyle (D)
  2 yaktaurs (D)
  A demonic crawler (D)
  An efreet (D)
  A hellwing (D)
  An ice devil (D)
  A jumping spider (D)
  2 tarantellas (D)
  A redback (D)
  A naga (D)
  Grum (D)
  An acid dragon (D)
  A centaur (D)
  6 wolves (D)
  A big kobold (D)
  A gnoll sergeant (D)
  2 bullfrogs (D)
  A gnoll shaman (D)
  Ijyb (D)
  An iguana (D)
  An iron imp (D)
  A worker ant (D)
  8 gnolls (D)
  A river rat (D)
  An ooze (D)
  An adder zombie (D)
  A leopard gecko (D)
  A ball python (D)
  A giant cockroach (D)
  3 jackals (D)
  A frilled lizard (D)
  A quokka skeleton (D)
57 creatures vanquished.

Vanquished Creatures (collateral kills)
  Joseph (D)
  A troll (D)
  A jumping spider (D)
  3 wolves (D)
  A leopard gecko skeleton (D)
7 creatures vanquished.

Vanquished Creatures (others)
  2 orc warriors (D)
  3 orc priests (D)
  2 slaves (D)
  A quokka (D)
8 creatures vanquished.

Grand Total: 72 creatures vanquished

Notes
Turn   | Place    | Note
-------+----------+-------------------------------------------
     0 | D        | potatolord6000 the Hill Orc Fighter began the quest for the Orb.
     0 | D        | Reached XP level 1. HP: 19/19 MP: 1/1
    13 | D        | Noticed a worker ant
    21 | D        | Killed a worker ant
    21 | D        | Reached XP level 2. HP: 6/28 MP: 2/2
    57 | D        | Found a bloodstained altar of Trog.
    57 | D        | Found a deep blue altar of Sif Muna.
    57 | D        | Found a viscous altar of Jiyva.
    57 | D        | Found a hazy altar of Hepliaklqana.
    57 | D        | Found an opulent altar of Gozag.
    58 | D        | Found a glowing golden altar of the Shining One.
    58 | D        | Found a glowing silver altar of Zin.
    58 | D        | Found a basalt altar of Yredelemnul.
    58 | D        | Found a shimmering altar of Xom.
    58 | D        | Found a sacrificial altar of Ru.
    58 | D        | Found a stormy altar of Qazlal.
    58 | D        | Found an iron altar of Okawaru.
    58 | D        | Found a sparkling altar of Nemelex Xobeh.
    58 | D        | Found a burning altar of Makhleb.
    58 | D        | Found a blossoming altar of Fedhas.
    58 | D        | Found a white marble altar of Elyvilon.
    58 | D        | Found a shadowy altar of Dithmenos.
    58 | D        | Found a snail-covered altar of Cheibriados.
    60 | D        | Found a radiant altar of Vehumet.
    60 | D        | Found a corrupted altar of Lugonu.
    60 | D        | Found a roughly hewn altar of Beogh.
    62 | D        | Found an ancient bone altar of Kikubaaqudgha.
    62 | D        | Found a hide-covered altar of Uskayaw.
    62 | D        | Found a shattered altar of Ashenzari.
    70 | D        | Became a worshipper of Beogh the Brigand
   197 | D        | Reached XP level 3. HP: 35/35 MP: 3/3
   211 | D        | Reached * piety under Beogh
   221 | D        | Reached ** piety under Beogh
   221 | D        | Reached skill level 5 in Fighting
   221 | D        | Reached skill level 1 in Invocations
   227 | D        | Noticed a slave
   228 | D        | Noticed Pikel
   229 | D        | Noticed a slave
   229 | D        | Noticed a slave
   230 | D        | Noticed a slave
   251 | D        | Killed Pikel
   251 | D        | Reached XP level 4. HP: 24/49 MP: 4/9
   251 | D        | Reached XP level 5. HP: 28/56 MP: 4/10
   251 | D        | Reached XP level 6. HP: 31/62 MP: 4/11
   251 | D        | Reached XP level 7. HP: 34/69 MP: 4/12
   453 | D        | Reached *** piety under Beogh
   470 | D        | Reached **** piety under Beogh
   507 | D        | Reached ***** piety under Beogh
   522 | D        | Noticed a jumping spider
   534 | D        | Killed a jumping spider
   534 | D        | Reached skill level 10 in Fighting
   534 | D        | Reached XP level 8. HP: 69/79 MP: 13/15
   536 | D        | Noticed Ijyb
   544 | D        | Killed Ijyb
   550 | D        | Noticed a gargoyle
   550 | D        | Noticed a demonic crawler
   554 | D        | Killed a demonic crawler
   554 | D        | Reached skill level 10 in Armour
   554 | D        | Reached skill level 10 in Invocations
   555 | D        | Killed a gargoyle
   555 | D        | Reached skill level 10 in Polearms
   555 | D        | Reached skill level 10 in Shields
   555 | D        | Reached XP level 9. HP: 75/89 MP: 5/17
   707 | D        | Noticed a deep elf mage
   708 | D        | Noticed an efreet
   710 | D        | Killed an efreet
   720 | D        | Killed a deep elf mage
   732 | D        | Noticed a troll
   749 | D        | Reached ****** piety under Beogh
   751 | D        | Killed a troll
   755 | D        | Reached XP level 10. HP: 43/99 MP: 5/19
   889 | D        | Noticed a two-headed ogre
   891 | D        | Killed a two-headed ogre
   983 | D        | Killed an unseen horror
  1230 | D        | Noticed a two-headed ogre
  1236 | D        | Noticed Grum
  1239 | D        | Killed a two-headed ogre
  1244 | D        | Killed Grum
  1585 | D        | Noticed a deep troll
  1603 | D        | Killed a deep troll
  1610 | D        | Killed an unseen horror
  1610 | D        | Reached XP level 11. HP: 63/108 MP: 21/21
  1778 | D        | Noticed Joseph
  1794 | D        | Killed Joseph
  2033 | D        | Noticed a naga warrior
  2072 | D        | HP: 5/110 [elephant (10)]
  2081 | D        | HP: 1/111 [yaktaur (10)]
  2082 | D        | Mangled by a naga warrior

Skill      XL: |  1  2  3  4  5  6  7  8  9 10 11 |
---------------+----------------------------------+-----
Fighting       | 4 8 10 11 12 13 14 | 14.3
Polearms       | 3 7 8 10 11 12 13 | 13.1
Armour         | 4 8 9 10 11 13 | 13.4
Shields        | 4 8 9 10 11 13 | 13.4
Invocations    | 7 9 10 12 14 | 14.7

Action                   |  1- 3 |  4- 6 |  7- 9 | 10-12 || total
-------------------------+-------+-------+-------+-------++-------
Melee: Trident           |    39 |       |   110 |   122 ||   271
Invok: Smiting           |     3 |       |    15 |     9 ||    27
  Use: Potion            |     5 |       |     4 |     9 ||    18
 Stab: Distracted        |       |       |       |     2 ||     2
  Eat: Meat ration       |       |       |       |     2 ||     2
Armor: Scale mail        |    20 |       |     1 |       ||    21
       Plate armour      |       |       |    27 |       ||    27
       Chain mail        |       |       |    11 |    96 ||   107
Dodge: Dodged            |    23 |       |    31 |    49 ||   103
Block: Shield            |    26 |       |    50 |   101 ||   177
